 Dungeon Crawl Stone Soup version 0.20.1-1-g8b1a95d (webtiles) character file.

105 Meenos the Skirmisher (level 4, -1/31 HPs)
             Began as a Gargoyle Skald on Nov 18, 2017.
             Slain by ThereIsNoGod's ghost (7 damage)
             ... on level 4 of the Dungeon.
             The game lasted 00:27:57 (3007 turns).

Meenos the Skirmisher (Gargoyle Skald)              Turns: 3007, Time: 00:27:57

Health: -1/31      AC:  9    Str: 15    XL:     4   Next: 83%
Magic:  4/7        EV: 11    Int: 14    God:
Gold:   173        SH:  0    Dex:  9    Spells: 6/7 levels left

rFire    . . .     SeeInvis .   a - +0 short sword
rCold    . . .     Gourm    .   (no shield)
rNeg     + . .     Faith    .   b - +0 leather armour
rPois    ∞         Spirit   .   (no helmet)
rElec    +         Reflect  .   (no cloak)
rCorr    .         Harm     .   l - +1 pair of gloves
MR       .....                  v - +0 pair of boots
Stlth    +.........             (no amulet)
Regen    0.1/turn               (no ring)
MPRegen  0.1/turn               (no ring)

@: no status effects
A: negative energy resistance 1, electricity resistance, unbreathing,
petrification resistance, rot immunity, AC +3
a: no special abilities


You were on level 4 of the Dungeon.
You were not hungry.

You visited 1 branch of the dungeon, and saw 4 of its levels.

You collected 173 gold pieces.

Inventory:

Hand Weapons
 a - a +0 short sword (weapon)
 q - a +0 hunting sling
Missiles
 m - 44 sling bullets
 p - a tomahawk (quivered)
 r - 61 stones
Armour
 b - a +0 leather armour (worn)
 d - a cursed +0 leather armour
 i - a +0 ring mail
 l - a +1 pair of gloves (worn)
 v - a +0 pair of boots (worn)
Scrolls
 g - 4 scrolls of teleportation {unknown}
 k - a scroll of fog {unknown}
 n - 2 scrolls of amnesia {unknown}
 o - 2 scrolls of identify {unknown}
 s - 5 scrolls of recharging {unknown}
 t - a scroll of remove curse {unknown}
Potions
 e - 2 potions of curing {unknown}
 f - 2 potions of brilliance {unknown}
Books
 c - a book of Battle

   Spells                             Type                      Level
   a - Infusion                       Charms                       1
   b - Shroud of Golubria             Charms/Translocation         2
   c - Song of Slaying                Charms                       2
   d - Spectral Weapon                Hexes/Charms                 3
   e - Regeneration                   Charms/Necromancy            3
Comestibles
 h - a meat ration
 j - 3 royal jellies
 u - 2 fruits


   Skills:
 + Level 5.3 Fighting
 - Level 1.7 Short Blades
 - Level 1.1 Armour
 - Level 1.5 Dodging
 - Level 2.0 Spellcasting
 - Level 2.6 Charms


You had 6 spell levels left.
You knew the following spells:

 Your Spells              Type           Power        Failure   Level  Hunger
a - Infusion              Chrm           #...         10%         1    ##.....


Dungeon Overview and Level Annotations

Branches:
Dungeon (4/15)
 Temple: D:4-7

Altars:
Zin

Annotations:
D:4 ThereIsNoGod's ghost, amateur DsGl


Innate Abilities, Weirdness & Mutations

You are resistant to torment.
Your stone body is resilient. (AC +3)
You are immune to poison.
You resist negative energy. (rN+)
You are resistant to electric shocks. (rElec)
You can survive without breathing.
You are immune to petrification.
You are immune to rotting.


Message History

ThereIsNoGod's ghost hits you.
You hit ThereIsNoGod's ghost but do no damage.
ThereIsNoGod's ghost is severely damaged.
ThereIsNoGod's ghost hits you.
You hit ThereIsNoGod's ghost.
ThereIsNoGod's ghost is almost destroyed.
ThereIsNoGod's ghost hits you but does no damage.
You hit ThereIsNoGod's ghost.
ThereIsNoGod's ghost is almost destroyed.
ThereIsNoGod's ghost closely misses you.
ThereIsNoGod's ghost hits you.
* * * LOW HITPOINT WARNING * * *
You closely miss ThereIsNoGod's ghost.
ThereIsNoGod's ghost is almost destroyed.
ThereIsNoGod's ghost hits you.
* * * LOW HITPOINT WARNING * * *
You hit ThereIsNoGod's ghost.
ThereIsNoGod's ghost is almost destroyed.
ThereIsNoGod's ghost hits you!
You die...

#...#.# #####.#......#
#....#......#######
#.####............# #.###
......)....# #...#
..........# ######.#
.........#
#......##.###........#
#.#######...@........#
#.###########W.......# ##.
#.##.................#....
#.##.......(..............
#.##...................$..
#..........#.##...........
####.####..#.##...........
#.####..#+##...........
#......................


You could see ThereIsNoGod's ghost.

Vanquished Creatures
  Jessica (D:2)
  2 adders (D:2)
  2 worms (D:2)
  4 dart slugs
  A leopard gecko (D:1)
  A ball python (D:3)
  A giant cockroach (D:1)
  7 goblins
  6 hobgoblins
  11 jackals
  A quokka (D:3)
  7 bats
  2 frilled lizards
  4 kobolds
  7 rats
57 creatures vanquished.

Notes
Turn   | Place    | Note
-------+----------+-------------------------------------------
     0 | D:1      | Meenos the Gargoyle Skald began the quest for the Orb.
     0 | D:1      | Reached XP level 1. HP: 12/12 MP: 3/3
   238 | D:1      | Reached skill level 3 in Fighting
   238 | D:1      | Reached XP level 2. HP: 13/19 MP: 5/5
   653 | D:1      | Reached XP level 3. HP: 22/24 MP: 6/6
   731 | D:1      | Reached skill level 4 in Fighting
  1444 | D:2      | Noticed Jessica
  1473 | D:2      | Killed Jessica
  1473 | D:2      | Reached XP level 4. HP: 17/30 MP: 3/7
  1577 | D:2      | Reached skill level 5 in Fighting
  2405 | D:3      | Found a glowing silver altar of Zin.
  2603 | D:3      | Noticed an ogre
  2956 | D:4      | Noticed ThereIsNoGod's ghost (amateur DsGl)
  3007 | D:4      | Slain by ThereIsNoGod's ghost

Skill      XL: |  1  2  3  4 |
---------------+-------------+-----
Fighting       | 3 4 5 |  5.3
Short Blades   | |  1.7
Armour         | |  1.1
Dodging        | |  1.5
Spellcasting   | |  2.0
Charms         | |  2.6

Action                   |  1- 3 |  4- 6 || total
-------------------------+-------+-------++-------
Melee: Short sword       |   135 |    90 ||   225
Throw: Tomahawk          |       |     4 ||     4
 Cast: Infusion          |    14 |     6 ||    20
  Eat: Chunk             |     2 |     3 ||     5
       Bread ration      |       |     1 ||     1
Armor: Leather armour    |    49 |    50 ||    99
Dodge: Dodged            |    77 |    48 ||   125
